 Dungeon Crawl Stone Soup version 0.18.1-47-g9310371 (console) character file.

1817 Kloppie the Basher (level 8, 0/64 HPs)
             Began as a Minotaur Berserker on June 22, 2016.
             Was a High Priest of Trog.
             Slain by an unseen horror (2 damage)
             ... on level 7 of the Dungeon.
             The game lasted 00:08:20 (5740 turns).

Kloppie the Basher (Minotaur Berserker)             Turns: 5740, Time: 00:08:21

Health: 0/64       AC: 10    Str: 22    XL:     8   Next: 85%
Magic:  7/7        EV: 10    Int:  4    God:    Trog [*****.]
Gold:   286        SH:  0    Dex: 12    Spells: 0 memorised, 7 levels left

rFire  . . .     SeeInvis .     a - +0 flail
rCold  . . .     Gourm    .     n - +0 scale mail
rNeg   . . .     Faith    .     (no shield)
rPois  .         Spirit   .     (helmet restricted)
rElec  .         Dismiss  .     t - +1 cloak
rCorr  .         Reflect  .     (no gloves)
SustAt +         Harm     .     q - +1 pair of boots
MR     .....                    (no amulet)
Stlth  ..........               (no ring)
                                f - ring of sustain attributes

@: very slightly contaminated, invisible, not resistant to hostile enchantments,
extremely unstealthy
A: retaliatory headbutt, horns 2
a: Berserk, Trog's Hand, Brothers in Arms, Burn Spellbooks, Renounce Religion


You were on level 7 of the Dungeon.
You worshipped Trog.
Trog was extremely pleased with you.
You were hungry.

You visited 1 branch of the dungeon, and saw 7 of its levels.
You also visited: Sewer.

You collected 286 gold pieces.

Inventory:

Hand Weapons
 a - a +0 flail (weapon)
 w - a +0 mace
Armour
 n - a +0 scale mail (worn)
 q - a +1 pair of boots (worn)
 t - a +1 cloak (worn)
Jewellery
 e - an uncursed ring of ice
 f - a ring of sustain attributes (left hand)
 s - an uncursed ring of flight
 y - an uncursed ring of protection from fire {unknown}
Wands
 B - a wand of acid (6/15)
Scrolls
 d - 4 scrolls of remove curse
 i - a scroll of teleportation
 v - a scroll of recharging
Potions
 b - 5 potions of brilliance
 g - 4 potions of heal wounds {unknown}
 j - a potion of ambrosia
 k - 2 potions of might {unknown}
 l - 4 potions of agility {unknown}
 o - 10 potions of curing {unknown}
 p - a potion of cancellation
 r - a potion of lignification
 u - a potion of flight
Comestibles
 c - 3 bread rations
 h - 5 meat rations
 x - a beef jerky
 z - 2 fruits


   Skills:
 - Level 3.6 Fighting
 * Level 13.5 Maces & Flails
 - Level 2.4 Armour
 - Level 2.1 Dodging


You had 7 spell levels left.
You didn't know any spells.

Dungeon Overview and Level Annotations

Branches:
Dungeon (7/15)             Temple (0/1) D:5

Altars:
Dithmenos
Elyvilon
Nemelex Xobeh

Shops:
D:5 %


Innate Abilities, Weirdness & Mutations

You reflexively headbutt those who attack you in melee.
You have a pair of horns on your head.


Message History

Drink which item? (? for menu, Esc to quit)
You fade into invisibility!
Something hits you.
* * * LOW HITPOINT WARNING * * *
The centaur shoots an arrow.
The arrow hits you.
* * * LOW HITPOINT WARNING * * *
You are very lightly contaminated with residual magic.
Something hits you but does no damage. Something hits you but does no damage.
The centaur shoots an arrow.
The arrow hits you but does no damage. Something hits you but does no damage.
You see here an arrow.
Something hits you.
* * * LOW HITPOINT WARNING * * *
The centaur shoots an arrow.
Something hits you!
* * * LOW HITPOINT WARNING * * *
The centaur shoots an arrow.
Something hits you.
* * * LOW HITPOINT WARNING * * *
Something hits you.
You die...

#.#.#.# .###.#.#.#######
................
#.###.#..(#...... ######.
#.#...#.###..
........###<#.....#
................#.....#
..................+.....#
....#.......@.....# ....#
....#.........(...# .....
..................# ....
.......(...(......# .....
.. #.....c(........#..
.....#................
.⌠.# #§§§§............
.....#§§§§............
...#.#§§§.............


You could see a centaur.

Vanquished Creatures
  Grinder (D:3)
  3 ogres
  A phantom (D:5)
  2 centaurs (D:5)
  A big kobold (Sewer)
  Blork the orc (D:6)
  A wyvern zombie (D:6)
  2 scorpions (D:6)
  2 howler monkeys
  A crimson imp (D:6)
  A quasit (D:6)
  3 orc priests
  4 orc wizards
  A giant frog skeleton (D:6)
  An iguana (D:4)
  3 worker ants
  6 gnolls
  11 adders
  2 river rats (Sewer)
  2 shadow imps
  2 oozes
  6 worms
  4 dart slugs
  4 giant geckos
  8 orcs
  13 bats
  4 giant cockroaches
  8 goblins
  3 hobgoblins
  13 jackals
  A quokka (D:4)
  6 ball pythons
  2 giant gecko skeletons
  8 giant newts
  19 kobolds
  29 rats
179 creatures vanquished.

Notes
Turn   | Place    | Note
--------------------------------------------------------------
     0 | D:1      | Kloppie the Minotaur Berserker began the quest for the Orb.
     0 | D:1      | Reached XP level 1. HP: 19/19 MP: 0/0
    35 | D:1      | Reached skill level 4 in Maces & Flails
   414 | D:1      | Reached XP level 2. HP: 22/26 MP: 1/1
   601 | D:1      | Reached skill level 5 in Maces & Flails
  1024 | D:1      | Reached ** piety under Trog
  1024 | D:1      | Reached XP level 3. HP: 30/31 MP: 2/2
  1466 | D:2      | Reached XP level 4. HP: 35/39 MP: 3/3
  1473 | D:2      | Reached skill level 6 in Maces & Flails
  1866 | D:3      | Reached *** piety under Trog
  1911 | D:3      | Reached XP level 5. HP: 45/45 MP: 4/4
  1945 | D:3      | Noticed Grinder
  1965 | D:3      | Killed Grinder
  1965 | D:3      | Reached skill level 8 in Maces & Flails
  1965 | D:3      | Reached XP level 6. HP: 48/51 MP: 5/5
  2708 | D:4      | Reached skill level 9 in Maces & Flails
  3056 | D:4      | Reached XP level 7. HP: 39/57 MP: 6/6
  3259 | D:4      | Found a shadowy altar of Dithmenos.
  3371 | D:4      | Reached skill level 10 in Maces & Flails
  3456 | D:5      | Entered Level 5 of the Dungeon
  3503 | D:5      | Found a sparkling altar of Nemelex Xobeh.
  3628 | D:5      | Reached skill level 11 in Maces & Flails
  3701 | D:5      | Reached **** piety under Trog
  3702 | D:5      | Found a glowing drain.
  3715 | Sewer    | Entered a sewer
  3912 | Sewer    | Reached ***** piety under Trog
  3916 | Sewer    | Reached XP level 8. HP: 57/64 MP: 7/7
  4198 | D:5      | Reached skill level 12 in Maces & Flails
  4272 | D:5      | Found Tiak's Food Emporium.
  4382 | D:5      | Found a staircase to the Ecumenical Temple.
  4656 | D:6      | Received a gift from Trog
  4931 | D:6      | Reached skill level 13 in Maces & Flails
  5040 | D:6      | Noticed Blork the orc
  5050 | D:6      | Killed Blork the orc
  5721 | D:7      | Found a white marble altar of Elyvilon.
  5739 | D:7      | HP: 2/64 [something (6)]
  5740 | D:7      | Slain by an unseen horror

Skill      XL: |  1  2  3  4  5  6  7  8 |
---------------+-------------------------+-----
Maces & Flails | 4 5 6 8 9 11 13 | 13.5
Fighting       | |  3.6
Armour         | |  2.4
Dodging        | |  2.1

Action                   |  1- 3 |  4- 6 |  7- 9 || total
-------------------------+-------+-------+-------++-------
Melee: Mace              |    75 |   102 |    16 ||   193
       Headbutt          |    11 |    21 |    40 ||    72
       Flail             |       |       |   228 ||   228
Invok: Berserk           |     2 |       |     3 ||     5
       Trog's Hand       |       |     1 |     1 ||     2
  Use: Scroll            |       |       |    15 ||    15
       Potion            |       |       |     1 ||     1
  Eat: Chunk             |     4 |     5 |    11 ||    20
Armor: Animal skin       |    14 |       |       ||    14
       Scale mail        |     8 |    41 |   110 ||   159
Dodge: Dodged            |    57 |    50 |   118 ||   225
